 Dungeon Crawl Stone Soup version 0.31-a0-365-gcf821cafb2 (webtiles) character file.

Game seed: 5661552652590256175

7 spiderkeys the Sneak (level 2, -1/18 HPs)
             Began as an Octopode Wanderer on July 27, 2023.
             Slain by a quokka (3 damage)
             ... on level 1 of the Dungeon.
             The game lasted 00:00:50 (130 turns).

spiderkeys the Sneak (Octopode Wanderer)             Turns: 130, Time: 00:00:51

Health: -1/18      AC:  1    Str: 12    XL:     2   Next: 0%
Magic:  2/2        EV: 13    Int: 11    God:
Gold:   26         SH:  0    Dex: 13    Spells: 1/1 levels left

rFire   . . .        a - +2 sling
rCold   . . .        (no shield)
rNeg    . . .        c - +0 hat
rPois   .            (no amulet)
rElec   .            (no ring)
rCorr   .            (no ring)
SInv    .            (no ring)
Will    .....        (no ring)
Stlth   ++++         (no ring)
HPRegen 0.23/turn    (no ring)
MPRegen 0.08/turn    (no ring)
                     (no ring)

%: no passive effects
@: no status effects
A: almost no armour, amphibious, 8 rings, camouflage 1, gelatinous body 1,
(nimble swimmer 1), tentacles
a: no special abilities


You were on level 1 of the Dungeon.
You visited 1 branch of the dungeon, and saw 1 of its levels.

You collected 26 gold pieces.


Innate Abilities, Weirdness & Mutations

You cannot wear most types of armour.
You are amphibious.
You can wear up to eight rings at the same time.
Your skin changes colour to match your surroundings (Stealth+).
Your rubbery body absorbs attacks. (AC +1, EV +1)
((You are camouflaged when in or above water. (Stealth+)))
You have tentacles for arms and can constrict up to eight enemies at once.


   Skills:
 + Level 0.4 Fighting
 - Level 2.0 Maces & Flails
 + Level 3.1 Ranged Weapons
 - Level 1.0 Throwing
 + Level 1.2 Dodging
 + Level 4.2 Stealth


You had one spell level left.
You didn't know any spells.
Your spell library was empty.

Inventory:

Hand Weapons
 a - a +2 sling (weapon)
 b - a +0 mace
 e - a +2 dagger of holy wrath
   (You took it off a goblin on level 1 of the Dungeon)
Missiles
 f - 7 stones
Armour
 c - a +0 hat (worn)
Scrolls
 g - a scroll of poison {unknown}
 i - a scroll of enchant armour {unknown}
Potions
 d - a potion of brilliance
 h - a potion of curing {unknown}

Dungeon Overview and Level Annotations

Branches:
Dungeon (1/15) Zot: 5863

Altars:

.........##.....#.#
#........#.....#.#♣♣♣♣
#..............#.#♣<.)
#.......#.######.#♣...
..#####..#...# #.#♣...
######.###.# ##.#♣.♣.
... #.# #.# #..#♣.♣P
#r##.# #.###..#♣.♣♣
#.@..###.##...#♣.♣P
†.....##....#.##.#.#♣.♣♣
..... #...........#♣...
........###.##.....#♣.♣♣
........###.......###'##
$.......................
. .......#.#...#.)...#..
......................
.........####.........


You could see a quokka.


Message History

There is an open door here.
You see here a +2 dagger of holy wrath.
e - a +2 dagger of holy wrath You shoot a sling bullet.
The sling bullet hits the kobold but does no damage.
The kobold shouts!
You shoot a sling bullet. The sling bullet hits the kobold!
You kill the kobold!
No target in view!
f - 7 stones You now have 7 gold pieces.
Found a stone staircase leading down.
g - a scroll labelled XOLETA AGECS A dart slug comes into view.
You shoot a sling bullet. The sling bullet hits the dart slug!
You shoot a sling bullet.
The sling bullet hits the dart slug but does no damage.
The dart slug launches a dart at you. The slug dart misses you.
You shoot a sling bullet. The sling bullet hits the dart slug.
A dart slug is nearby!
A dart slug is nearby!
You shoot a sling bullet. The sling bullet hits the dart slug!
You kill the dart slug! 😎 HP[+1]
You now have 12 max hp (+1).
Your hp is fully restored (12).
A giant cockroach comes into view.
You see here 14 gold pieces.
A giant cockroach is nearby!
A giant cockroach is nearby!
You shoot a sling bullet.
The sling bullet hits the giant cockroach!
You kill the giant cockroach!
No target in view!
No target in view!
You now have 21 gold pieces (gained 14).
Found a stone staircase leading down.
h - a pink potion
i - a scroll labelled ORYS BUREE No target in view!
No target in view!
You now have 26 gold pieces (gained 5).
Key pressed, stopping explore.
A rat comes into view.
You shoot a sling bullet. The sling bullet hits the rat.
You kill the rat!
A quokka comes into view.
You have reached level 2! 😎 HP[+6] MP[+1]
You now have 18 max hp (+6).
Your hp is fully restored (18).
Your mp is fully restored (2).
You shoot a sling bullet.
The sling bullet barely misses the quokka.
You shoot a sling bullet.
The sling bullet closely misses the quokka.
The quokka bites you. 😕 HP[-4]
You take 4 damage, and now have 14/18 hp.
MASSIVE DAMAGE!! (PAUSE)
You shoot a sling bullet. The sling bullet misses the quokka.
The quokka bites you.
The quokka completely misses you. 😮 HP[-2]
You take 2 damage, and now have 12/18 hp.
You are too injured to fight recklessly!
You are too injured to fight recklessly!
You are too injured to fight recklessly!
Fire: a) +2 sling
Press: ? - help, Q - select action, (/) - cycle Shift-Dir - straight line, f/p - quokka
Aim: a quokka (46% to hit)
You shoot a sling bullet. The sling bullet misses the quokka.
The quokka closely misses you. 😮 HP[+1] Fire: a) +2 sling
Press: ? - help, Q - select action, (/) - cycle Shift-Dir - straight line, f/p - quokka
Aim: a quokka (46% to hit)
You shoot a sling bullet.
The sling bullet hits the quokka but does no damage.
The quokka bites you. x2
* * * LOW HITPOINT WARNING * * *
😨 HP[-6]
You take 6 damage, and now have 7/18 hp.
MASSIVE DAMAGE!! (PAUSE) Unknown command.
Unknown command.
You shoot a sling bullet. The sling bullet hits the quokka.
The quokka bites you.
* * * LOW HITPOINT WARNING * * *
😱 HP[-4]
You take 4 damage, and now have 3/18 hp.
MASSIVE DAMAGE!! (PAUSE)
You shoot a sling bullet.
The sling bullet barely misses the quokka.
The quokka closely misses you. The quokka bites you.
* * * LOW HITPOINT WARNING * * *
😱 HP[-1]
You take 1 damage, and now have 2/18 hp.
You shoot a sling bullet.
The sling bullet completely misses the quokka.
The quokka bites you.
You die...

Action                     || total
---------------------------++-------
   Fire: Sling             ||    21
  Dodge: Dodged            ||     4

Levels and vault maps discovered:
D:1:      psy_arrival_fountain, layout_rooms,
          hellmonk_ecumenical_altar_arch_garden

Notes
Turn   | Place    | Note
-------+----------+-------------------------------------------
     0 | D:1      | spiderkeys the Octopode Wanderer began the quest for the
                  | Orb.
     0 | D:1      | spiderkeys set off with the following items: a +2 sling, a
                  | +0 mace, a +0 hat, a potion of brilliance.
     0 | D:1      | Reached XP level 1. HP: 11/11 MP: 1/1
     0 | D:1      | magus.rc [v1.11.6]
   123 | D:1      | Reached XP level 2. HP: 18/18 MP: 2/2
   128 | D:1      | HP: 3/18 [quokka (4)]
   130 | D:1      | Slain by a quokka

Vanquished Creatures
  A dart slug (D:1)
  A giant cockroach (D:1)
  A goblin (D:1)
  A kobold (D:1)
  A rat (D:1)
5 creatures vanquished.

Table legend:
 A = Non-vault XP
 B = Vault XP
 C = Vault XP percentage of total XP
 D = Non-vault monster count
 E = Vault monster count
 F = Vault count percentage of total count
                 A         B        C        D         E       F
            +---------+---------+-------+---------+---------+-------
      Total |      10 |       0 |   0.0 |       5 |       0 |   0.0
            +---------+---------+-------+---------+---------+-------
        D:1 |      10 |       0 |   0.0 |       5 |       0 |   0.0
            +---------+---------+-------+---------+---------+-------

Action                     || total
---------------------------++-------
   Fire: Sling             ||    21
  Dodge: Dodged            ||     4

Illustrated notes

Table legend:
 A = Kills in this place as a percentage of kills in the entire game.
 B = Kills by you in this place as a percentage of kills by you in the entire game.
 C = Kills by friends in this place as a percentage of kills by friends in the entire game.
 D = Other kills in this place as a percentage of other kills in the entire game.
 E = Experience gained in this place as a percentage of experience gained in the entire game.
 F = Experience gained in this place divided by the number of levels of this place that you have seen.
                   A       B       C       D       E      F
               +-------+-------+-------+-------+-------+----------------------
         Total | 100.0 | 100.0 |   N/A |   N/A | 100.0 |  10.0
       Dungeon | 100.0 | 100.0 |   N/A |   N/A | 100.0 |  10.0
               +-------+-------+-------+-------+-------+----------------------

Table legend: (Time is in decaauts)
 A = Elapsed time spent in this place.
 B = Non-inter-level travel time spent in this place.
 C = Inter-level travel time spent in this place.
 D = Time resting spent in this place.
 E = Time spent auto-exploring this place.
 F = Levels seen in this place.
 G = Mean time per level.
                   A        B        C        D        E       F      G
               +--------+--------+--------+--------+--------+-----+--------+
         Total |    134 |    134 |      0 |      0 |     99 |   1 |  134.0 |
       Dungeon |    134 |    134 |      0 |      0 |     99 |   1 |  134.0 |
               +--------+--------+--------+--------+--------+-----+--------+

Top non-repeatable levels by time:
     D:1: 134 daAuts
